Map: Moondance

Players

tokus - Winner!

  • Race: Protoss Protoss
  • League: Diamond
  • Spawn Location: 12:00

Morgurth

  • Race: Zerg Zerg
  • Spawn Location: 6:00

VOD

Have the link to the VOD?

Description

Time

  • Played on: Oct. 3, 2022, 9:34 a.m.
  • Length: 15:43
Show
View Real Time Build Order
Export as new Build Order

tokus Protoss - Winner!

Build Orders: Nexus First, Chargelot Immortal 

Get SALT Encoding   

  12  0:00  Probe  
  13  0:12  Probe  
  14  0:19  Pylon  
  14  0:25  Probe  
  15  0:37  Probe  
  16  0:49  Probe  
  17  1:04  Nexus  
  17  1:06  Probe  
  18  1:17  Gateway  
  18  1:21  Probe  
  18  1:24  Assimilator  
  19  1:34  Assimilator  
  19  1:41  Probe (Chrono Boost)  
  19  1:45  Pylon  
  20  1:53  Probe (Chrono Boost)  
  22  2:01  Probe (Chrono Boost)  
  22  2:06  Cybernetics Core  
  22  2:08  Probe (Chrono Boost), Zealot  
  25  2:16  Probe (Chrono Boost)  
  25  2:22  Probe (Chrono Boost)  
  27  2:27  Probe (Chrono Boost)  
  29  2:30  Probe (Chrono Boost)  
  29  2:34  Probe (Chrono Boost)  
  29  2:35  Probe (Chrono Boost)  
  31  2:43  Probe  
  31  2:44  Stargate  
  32  2:45  Probe  
  32  2:49  Shield Battery  
  33  2:52  Warp Gate  
  33  2:55  Probe  
  33  2:58  Probe  
  35  3:02  Pylon  
  35  3:07  Sentry, Probe  
  35  3:10  Probe  
  39  3:19  Probe  
  40  3:22  Probe  
  41  3:30  Void Ray (Chrono Boost)  
  41  3:31  Probe  
  46  3:35  Nexus  
  46  3:39  Pylon  
  46  3:40  Probe  
  47  3:45  Assimilator  
  47  3:47  Probe, Assimilator  
  48  3:58  Probe  
  48  3:59  Probe  
  54  4:03  Void Ray (Chrono Boost)  
  54  4:10  Pylon, Probe  
  54  4:11  Probe  
  56  4:22  Probe  
  56  4:23  Probe  
  58  4:27  Twilight Council  
  58  4:28  Forge  
  58  4:35  Probe  
  58  4:36  Probe  
  60  4:42  Void Ray (Chrono Boost)  
  64  4:47  Probe  
  64  4:48  Probe  
  66  4:53  Shield Battery  
  66  4:56  Probe  
  66  4:59  Probe  
  68  5:00  Probe  
  69  5:08  Probe  
  69  5:11  Probe  
  69  5:12  Probe, Dark Shrine  
  76  5:14  Void Ray (Chrono Boost)  
  76  5:17  Gateway  
  76  5:18  Gateway  
  76  5:19  Protoss Ground Weapons Level 1  
  76  5:20  Gateway, Probe  
  77  5:22  Charge  
  77  5:23  Probe  
  77  5:26  Pylon  
  78  5:29  Pylon  
  78  5:30  Probe  
  78  5:32  Probe  
  78  5:35  Assimilator, Probe  
  81  5:39  Assimilator  
  81  5:42  Probe  
  82  5:44  Probe  
  82  5:47  Pylon  
  82  5:49  Probe  
  84  5:54  Probe  
  85  5:58  Photon Cannon  
  85  6:02  Robotics Facility  
  85  6:05  Robotics Facility  
  85  6:08  Robotics Facility  
  85  6:09  Probe x2  
  85  6:10  Probe  
  84  6:28  Dark Templar x3  
  84  6:38  Probe x3  
  71  6:50  Dark Templar  
  73  6:55  Probe x3  
  76  7:02  Immortal x3  
  76  7:07  Probe x3  
  91  7:13  Robotics Bay  
  91  7:19  Probe x3  
  91  7:20  Gateway  
  94  7:24  Gateway  
  94  7:25  Gateway  
  94  7:27  Gateway  
  94  7:29  Gateway  
  92  7:34  Pylon  
  92  7:38  Immortal (Chrono Boost)  
  92  7:44  Immortal x2 (Chrono Boost)  
  104  8:00  Templar Archives  
  104  8:01  Nexus  
  104  8:02  Pylon  
  104  8:04  Pylon  
  104  8:05  Pylon  
  104  8:07  Pylon  
  104  8:08  Protoss Ground Weapons Level 2 (Chrono Boost), Extended Thermal Lance  
  104  8:13  Zealot  
  104  8:14  Zealot x2  
  104  8:16  Archon  
  110  8:24  Shield Battery  
  110  8:26  Photon Cannon  
  110  8:27  Photon Cannon  
  110  8:28  Warp Prism (Chrono Boost)  
  118  8:41  Colossus (Chrono Boost)  
  118  8:45  Probe  
  118  8:46  Probe  
  126  8:50  Colossus (Chrono Boost)  
  126  8:57  Forge  
  126  9:09  Zealot x5  
  130  9:10  Zealot x3  
  130  9:13  Warp Prism (Chrono Boost)  
  138  9:33  Probe x3  
  138  9:36  Assimilator  
  141  9:39  Assimilator  
  141  9:42  Pylon  
  141  9:44  Pylon  
  141  9:45  Probe x2  
  143  9:49  Probe  
  144  9:54  Gravitic Boosters  
  144  9:57  Probe x2  
  144  9:58  Protoss Ground Armor Level 1 (Chrono Boost)  
  146  10:00  Zealot x7  
  146  10:01  Zealot x2  
  146  10:06  Observer  
  165  10:23  High Templar x6  
  165  10:24  High Templar  
  165  10:27  Archon x3  
  177  10:30  High Templar  
  177  10:34  Dark Templar  
  178  10:44  Archon  
  104  11:13  Zealot  
  104  11:14  Zealot x5  
  104  11:15  Zealot x3  
  104  11:16  Colossus x2 (Chrono Boost)  
  126  11:19  Colossus (Chrono Boost)  
  108  11:32  Probe  
  108  11:33  Probe x2  
  108  11:37  Dark Templar x3  
  108  11:38  Dark Templar x4  
  108  11:39  Dark Templar  
  110  11:44  Probe, Zealot  
  110  11:45  Probe x2  
  85  11:57  Probe (Chrono Boost)  
  88  12:02  Probe (Chrono Boost)  
  88  12:03  Probe (Chrono Boost)  
  88  12:06  Probe (Chrono Boost), Colossus (Chrono Boost)  
  95  12:10  Probe x2 (Chrono Boost)  
  95  12:11  Probe (Chrono Boost)  
  95  12:14  Nexus  
  98  12:15  Pylon  
  98  12:16  Pylon  
  98  12:20  Pylon  
  98  12:21  Probe x2  
  100  12:23  Probe  
  100  12:29  Archon x4  
  101  12:31  Zealot x3  
  101  12:32  Zealot x6  
  101  12:33  Probe x2  
  113  12:41  Probe  
  110  12:45  Probe x2  
  112  12:52  Observer x2  
  112  12:53  Probe, Zealot x3  
  112  12:54  Zealot x6  
  112  12:57  Probe  
  134  12:59  Probe  
  134  13:00  Probe  
  135  13:05  Probe  
  135  13:06  Protoss Ground Armor Level 2 (Chrono Boost)  
  135  13:09  Probe  
  135  13:11  Probe  
  135  13:12  Probe  
  139  13:18  Probe  
  87  14:16  Zealot x6  
  87  14:17  Zealot x3  
  105  14:24  Probe x2  
  105  14:25  Probe  
  105  14:37  Zealot x6  
  105  14:38  Zealot x2  
  116  14:39  Zealot  
  118  14:50  Probe x4  
  118  14:51  Probe  
  109  15:02  Probe x2  
  109  15:03  Probe x2  
  119  15:16  Probe x4  
  119  15:20  Probe  
  124  15:28  Probe x2  
  126  15:33  Zealot x5  
  126  15:34  Zealot x4  
Show
View Real Time Build Order
Export as new Build Order

Morgurth Zerg 

Build Orders: Hatch First, Lurkers 

Get SALT Encoding   

  12  0:02  Drone  
  13  0:12  Overlord  
  13  0:17  Drone  
  14  0:30  Drone x2  
  16  0:49  Hatchery  
  15  0:51  Drone  
  15  0:54  Drone  
  17  1:00  Drone  
  18  1:06  Drone, Extractor  
  18  1:18  Drone  
  19  1:26  Spawning Pool  
  19  1:28  Drone  
  19  1:42  Drone  
  20  1:50  Overlord  
  20  2:00  Drone  
  21  2:02  Drone  
  22  2:14  Drone x2  
  24  2:18  Metabolic Boost  
  24  2:19  Queen x2  
  24  2:22  Drone  
  29  2:24  Zergling x2  
  30  2:37  Drone x2  
  30  2:41  Hatchery  
  31  2:45  Drone  
  31  2:46  Drone  
  33  2:55  Overlord  
  33  3:03  Drone  
  34  3:09  Overlord x2  
  34  3:17  Queen x2  
  38  3:29  Drone x7  
  45  3:35  Spore Crawler  
  45  3:39  Drone  
  45  3:42  Drone  
  45  3:46  Spore Crawler  
  45  3:49  Drone  
  46  4:04  Queen  
  46  4:05  Queen x2  
  46  4:06  Drone x2  
  53  4:11  Overlord x2  
  53  4:12  Overlord  
  53  4:28  Drone x8  
  61  4:31  Spore Crawler  
  60  4:40  Overlord x2  
  60  4:41  Drone x5  
  65  4:49  Drone x2  
  67  4:53  Lair  
  67  4:55  Queen x2  
  67  4:57  Drone  
  72  5:06  Drone x3, Extractor  
  75  5:07  Drone x3, Extractor  
  75  5:08  Drone  
  75  5:11  Drone x2, Extractor  
  78  5:14  Drone  
  78  5:15  Drone  
  78  5:17  Drone x2  
  78  5:19  Overlord x2  
  82  5:38  Hatchery, Zergling x16  
  89  5:55  Hydralisk Den  
  88  5:58  Baneling Nest, Drone x5  
  88  6:00  Evolution Chamber  
  88  6:01  Evolution Chamber  
  90  6:04  Drone x6  
  90  6:10  Zergling x4  
  98  6:21  Spore Crawler  
  98  6:23  Spore Crawler  
  98  6:25  Hydralisk x5  
  98  6:49  Hatchery  
  98  6:50  Zerg Missile Weapons Level 1  
  98  6:51  Zerg Melee Weapons Level 1  
  97  6:54  Spore Crawler, Drone x9  
  97  6:56  Overlord x2  
  97  7:00  Spore Crawler  
  104  7:12  Muscular Augments  
  104  7:14  Queen  
  106  7:15  Lair  
  106  7:16  Hatchery  
  106  7:21  Drone x2  
  92  7:41  Spore Crawler, Hydralisk  
  92  7:42  Hydralisk x12  
  117  7:50  Spine Crawler  
  116  7:52  Drone x4  
  116  7:58  Burrow  
  120  8:00  Drone  
  120  8:01  Overlord, Drone x2  
  120  8:02  Overlord  
  120  8:05  Overlord  
  123  8:12  Drone x3  
  126  8:18  Drone x2  
  128  8:20  Centrifugal Hooks  
  128  8:24  Grooved Spines  
  128  8:28  Overlord x2  
  128  8:30  Drone x8  
  136  8:35  Overseer, Spine Crawler  
  136  8:37  Zergling x2  
  136  8:38  Zergling x4  
  136  8:39  Zergling x2  
  139  8:43  Drone  
  139  8:47  Hydralisk x4  
  148  8:48  Zergling x4  
  148  8:54  Hatchery  
  149  8:57  Zergling x18  
  154  9:07  Hydralisk x4  
  154  9:08  Zergling x2  
  154  9:09  Zergling x4  
  149  9:21  Zergling x16  
  149  9:22  Zergling x8  
  161  9:28  Extractor, Drone x3  
  161  9:29  Extractor  
  162  9:31  Hydralisk x2  
  162  9:37  Queen, Drone x2  
  170  9:41  Zergling x4  
  172  9:46  Extractor  
  172  9:48  Baneling x7  
  172  9:51  Zergling x6  
  174  9:53  Overlord x7  
  174  10:06  Spore Crawler  
  173  10:09  Spine Crawler  
  173  10:10  Spine Crawler  
  171  10:16  Drone  
  171  10:17  Lurker Den, Queen, Drone x11  
  184  10:24  Zerg Melee Weapons Level 2  
  184  10:25  Zerg Missile Weapons Level 2  
  184  10:29  Extractor  
  184  10:34  Baneling x10  
  184  10:35  Baneling, Zergling x16  
  187  10:36  Zergling x18  
  200  10:43  Baneling x5  
  155  11:05  Hydralisk x7  
  155  11:06  Zergling x20  
  143  11:21  Hydralisk x4  
  143  11:22  Hydralisk  
  143  11:23  Zergling x20  
  154  11:32  Hydralisk  
  154  11:33  Hydralisk x3, Zergling x2  
  157  11:45  Hydralisk x4  
  151  11:50  Drone  
  151  11:51  Drone x11  
  160  11:55  Hatchery  
  157  12:01  Baneling  
  157  12:02  Baneling x7  
  157  12:05  Zergling x4  
  157  12:06  Zergling x2  
  141  12:21  Extractor  
  141  12:22  Extractor  
  138  12:32  Zergling x6  
  138  12:33  Zergling x30  
  154  12:37  Hydralisk  
  154  12:40  Lurker x6  
  154  12:43  Zergling x12  
  166  12:48  Drone x5  
  171  12:58  Hydralisk  
  171  12:59  Infestation Pit, Hydralisk x3  
  171  13:01  Drone x3  
  181  13:08  Zerg Ground Armor Level 1  
  181  13:10  Zergling x2  
  181  13:11  Zergling x10  
  160  13:23  Hydralisk x6  
  160  13:24  Zergling x2  
  160  13:25  Zergling x10  
  148  13:37  Drone x11  
  141  13:52  Hydralisk  
  141  13:53  Hydralisk x8  
  128  14:10  Zergling x36  
  143  14:20  Hydralisk x7  
  146  14:31  Overseer  
  146  14:32  Overseer, Hatchery  
  146  14:33  Baneling x2  
  146  14:34  Baneling  
  119  14:57  Hydralisk x5  
  115  15:00  Drone x12  
  115  15:06  Zergling x22  
  128  15:13  Hatchery  
  129  15:17  Drone  
  129  15:18  Drone  
  131  15:24  Zergling x22  
Tags
 
Add a new tag
Caveats
  • Supply blocks, unpowered buildings, or Contaminate may cause inaccurate times.
  • Supply counts are checked every 10 seconds.